 Dungeon Crawl Stone Soup version 0.28-a0-620-g539b0f7ac7 (webtiles) character file.

Game seed: 15471125967231141620

228 ytrimaz the Covered (level 5, 47/47 HPs)
             Began as a Minotaur Fighter on Oct 6, 2021.
             Quit the game on level 3 of the Dungeon.
             The game lasted 00:07:45 (2501 turns).

ytrimaz the Covered (Minotaur Fighter)              Turns: 2501, Time: 00:07:46

Health: 47/47      AC:  7    Str: 21    XL:     5   Next: 71%
Magic:  4/4        EV: 13    Int:  5    God:
Gold:   964        SH:  4    Dex: 10    Spells: 4/4 levels left

rFire   . . .      SeeInvis .   h - +0 dagger (elec)
rCold   . . .      Faith    .   c - +0 buckler
rNeg    . . .      Spirit   .   b - +0 scale mail
rPois   .          Reflect  .   (helmet restricted)
rElec   .          Harm     .   (no cloak)
rCorr   .          Rampage  .   (no gloves)
Will    .....                   (no boots)
Stlth   ..........              k - amulet of regeneration
HPRegen 1.15/turn               r - +4 ring of evasion
MPRegen 0.09/turn               (no ring)

@: no status effects
A: horns 2, retaliatory headbutt
a: no special abilities


You were on level 3 of the Dungeon.
You visited 1 branch of the dungeon, and saw 3 of its levels.
You also visited: Sewer.

You collected 964 gold pieces.

Inventory:

Hand Weapons
 a - a +0 war axe
 h - a +0 dagger of electrocution (weapon)
Armour
 b - a +0 scale mail (worn)
 c - a +0 buckler (worn)
Jewellery
 k - an amulet of regeneration (around neck)
 r - a +4 ring of evasion (left hand)
Scrolls
 f - 4 scrolls of identify
 j - 2 scrolls of amnesia
 m - a scroll of enchant weapon {unknown}
 o - a scroll of fear {unknown}
 p - a scroll of magic mapping
 q - 2 scrolls of enchant armour {unknown}
 s - a scroll of teleportation {unknown}
Potions
 d - a potion of might
 e - a potion of degeneration {unknown}
 g - a potion of mutation {unknown}
 i - a potion of heal wounds {unknown}
 l - a potion of curing {unknown}
 n - a potion of invisibility {unknown}
 t - a potion of lignification {unknown}


   Skills:
 + Level 4.8 Fighting
 * Level 2.7 Short Blades
 - Level 2.6 Axes
 + Level 5.4 Armour
 + Level 4.7 Shields


You had 4 spell levels left.
You didn't know any spells.
Your spell library contained the following spells:

 Spells                   Type           Power      Damage    Failure   Level
 Gell's Gravitas          Tloc           0%         N/A       99%         3
 Lesser Beckoning         Tloc           0%         N/A       99%         3
 Teleport Other           Tloc           0%         N/A       99%         3


Dungeon Overview and Level Annotations

Branches:
Dungeon (3/15)              Sewer (visited)

Altars:
Wu Jian


Innate Abilities, Weirdness & Mutations

You have a pair of horns on your head.
You reflexively headbutt those who attack you in melee.


Message History

A frilled lizard comes into view.
A frilled lizard is nearby!
A frilled lizard is nearby!
A frilled lizard is nearby!
You miss the frilled lizard. The frilled lizard closely misses you.
You furiously retaliate!
You headbutt the frilled lizard!
You kill the frilled lizard!
Found a stone staircase leading down.
Found 13 poisoned darts.
Found an escape hatch in the ceiling.
Natasha, Servant of Life and Death comes into view.
Natasha is nearby!
Natasha is nearby!
You block Natasha's attack.
You closely miss Natasha. Your headbutt misses Natasha. Natasha claws you.
You hit Natasha. Lightning courses through Natasha!
Natasha is severely wounded.
Natasha barely misses you. You furiously retaliate!
You headbutt Natasha!
You kill Natasha!
Natasha growls in agony!
Found a stone staircase leading down.
A kobold comes into view. It is wielding a +0 club.
Found 13 gold pieces.
The kobold shouts!
A kobold is nearby!
A kobold is nearby!
A kobold is nearby!
The kobold throws a stone.
The stone hits you but does no damage.
The kobold throws a stone.
The stone hits you but does no damage. The kobold closely misses you.
You closely miss the kobold. You headbutt the kobold.
You kill the kobold!
Things that are here:
a +0 club; a stone Welcome back, ytrimaz the Minotaur Fighter.
Press ? for a list of commands and other information.
There is a stone staircase leading down here.
There is a stone staircase leading down here.
You now have 964 gold pieces (gained 13).
Are you sure you want to abandon this character and quit the game? (Confirm with "yes".)

††#.......,,############# #.
#.#.......,,#..........<# #.
..........,,#...........# #.
..#.......,,#...........# #.
.##.......,,#...........########.
.############....................
.........≈#.......####...........
.......≈≈≈#...(...# #...........
.......≈≈≈#...>.@.# #...........
...(...≈≈≈#.......# #[(.......>.
♣_....≈≈≈≈#.......# #...........
.....(.≈≈≈#.......# #...........
........≈≈######### #..<........
####.###### ######...###
.###.#..#.# #...##...###
........#.# #...##......
.###....#.############...########


There were no monsters in sight!

Vanquished Creatures
  Purgy (Sewer)
  Natasha (D:3)
  4 adders
  A river rat (D:3)
  A dart slug (D:1)
  2 orcs (D:3)
  6 bats
  2 endoplasms
  4 giant cockroaches
  4 goblins
  3 hobgoblins
  8 kobolds
  4 quokkas (D:3)
  A ball python (D:2)
  12 frilled lizards
  9 rats
63 creatures vanquished.

Vanquished Creatures (others)
  7 plants (D:2)
7 creatures vanquished.

Grand Total: 70 creatures vanquished

Notes
Turn   | Place    | Note
-------+----------+-------------------------------------------
     0 | D:1      | ytrimaz the Minotaur Fighter began the quest for the Orb.
     0 | D:1      | Reached XP level 1. HP: 19/19 MP: 0/0
   260 | D:1      | Reached XP level 2. HP: 27/27 MP: 1/1
   903 | D:2      | Reached skill level 4 in Armour
   977 | D:2      | Found a faded altar of an unknown god.
  1019 | D:2      | Reached skill level 1 in Short Blades
  1019 | D:2      | Reached XP level 3. HP: 33/33 MP: 2/2
  1736 | D:3      | Reached XP level 4. HP: 41/41 MP: 3/3
  1745 | D:3      | Found an ornate altar of the Wu Jian Council.
  1825 | D:3      | Found a glowing drain.
  1861 | Sewer    | Entered a sewer
  1883 | Sewer    | Noticed Purgy
  1891 | Sewer    | Killed Purgy
  1892 | Sewer    | Reached skill level 5 in Armour
  1892 | Sewer    | Reached XP level 5. HP: 36/47 MP: 4/4
  2048 | Sewer    | Identified a scroll of acquirement
  2048 | Sewer    | Acquired 834 gold pieces
  2465 | D:3      | Noticed Natasha
  2471 | D:3      | Killed Natasha
  2501 | D:3      | Quit the game

Illustrated notes

Levels and vault maps discovered:
D:1:      minmay_arrival_split_and_join, layout_loops_ring
D:2:      layout_loops_ring, basic_ecumenical_altar, eino_curves_03,
          minmay_lizard_king
D:3:      layout_basic, nzn_wu_jian_contemplation, portal_sewer_entry_c,
          uniq_natasha

Skill      XL: |  1  2  3  4 |
---------------+-------------+-----
Fighting       | 4 |  4.8
Armour         | 4 5 |  5.4
Short Blades   | 1 2 |  2.7
Shields        | 4 |  4.7
Axes           | |  2.6

Action                   |  1- 3 |  4- 6 || total
-------------------------+-------+-------++-------
Melee: War axe           |    12 |       ||    12
       Headbutt          |     8 |    11 ||    19
       Dagger            |    75 |    61 ||   136
  Use: Scroll            |     2 |     1 ||     3
Armor: Scale mail        |    45 |    29 ||    74
Dodge: Dodged            |    44 |    32 ||    76
Block: Buckler           |    23 |    12 ||    35

Table legend: (Time is in decaauts)
 A = Elapsed time spent in this place.
 B = Non-inter-level travel time spent in this place.
 C = Inter-level travel time spent in this place.
 D = Time resting spent in this place.
 E = Time spent auto-exploring this place.
 F = Levels seen in this place.
 G = Mean time per level.
                   A        B        C        D        E       F      G
               +--------+--------+--------+--------+--------+-----+--------+
         Total |   2502 |   2427 |     75 |      0 |   1734 |   4 |  625.5 |
       Dungeon |   2289 |   2214 |     75 |      0 |   1734 |   3 |  763.0 |
         Sewer |    212 |    212 |      0 |      0 |      0 |   1 |  212.0 |
               +--------+--------+--------+--------+--------+-----+--------+

Top non-repeatable levels by time:
     D:1: 883 daAuts
     D:2: 777 daAuts
     D:3: 628 daAuts
   Sewer: 212 daAuts
